 Dungeon Crawl Stone Soup version 0.28.0-53-g5a82cb258f (webtiles) character file.

Game seed: 7599101787034156326

3805 safid the Severer (level 10, -1/74 HPs)
             Began as a Hill Orc Fighter on July 26, 2022.
             Was an Elder of Hepliaklqana.
             Slain by a boulder beetle (7 damage)
             ... on level 8 of the Dungeon.
             The game lasted 00:15:37 (8938 turns).

safid the Severer (Hill Orc Fighter)                Turns: 8938, Time: 00:15:38

Health: -1/74      AC: 11    Str: 24    XL:     10   Next: 17%
Magic:  0/11       EV:  8    Int:  8    God:    Hepliaklqana [****..]
Gold:   335        SH:  9    Dex: 10    Spells: 9/9 levels left

rFire   . . .      SeeInvis .   a - +0 war axe
rCold   . . .      Faith    .   I - +0 kite shield
rNeg    . . .      Spirit   +   b - +0 scale mail
rPois   .          Reflect  .   m - +0 helmet
rElec   .          Harm     .   A - +0 cloak
rCorr   .          Rampage  .   (no gloves)
Will    +....                   t - +0 pair of boots
Stlth   ..........              r - amulet of guardian spirit
HPRegen 0.22/turn               e - +4 ring of slaying
MPRegen 0.12/turn               q - ring of willpower

@: no status effects
A: reduced essence
a: Renounce Religion, Recall Ancestor, Ancestor Identity, Transference, Idealise


You were on level 8 of the Dungeon.
You worshipped Hepliaklqana.
Hepliaklqana was greatly pleased with you.
You visited 1 branch of the dungeon, and saw 9 of its levels.

You collected 391 gold pieces.
You spent 56 gold pieces at shops.

Inventory:

Hand Weapons
 a - a +0 war axe (weapon)
 s - the +7 dagger of Utreoted {flame, rPois MP+9}
   (You found it on level 4 of the Dungeon)

   It burns those it strikes, dealing additional fire damage.
   rPois:     It protects you from poison.
   MP:        It affects your magic capacity (+9).
Missiles
 y - 2 curare-tipped darts
 z - 7 javelins
 C - 3 poisoned darts (quivered)
Armour
 b - a +0 scale mail (worn)
 m - a +0 helmet (worn)
 t - a +0 pair of boots (worn)
 A - a +0 cloak (worn)
 I - a +0 kite shield (worn)
Jewellery
 e - a +4 ring of slaying (left hand)
 q - a ring of willpower (right hand)
 r - an amulet of guardian spirit (around neck)
Wands
 c - a wand of mindburst (1)
 o - a wand of flame (12)
 u - a wand of polymorph (9)
Scrolls
 g - a scroll of immolation {unknown}
 i - 4 scrolls of teleportation
 k - a scroll of fog {unknown}
 n - a scroll of holy word {unknown}
 p - a scroll of enchant weapon {unknown}
 v - a scroll of blinking {unknown}
 x - 2 scrolls of fear {unknown}
 D - a scroll of enchant armour {unknown}
 E - a scroll of torment {unknown}
 F - a scroll of vulnerability {unknown}
 G - a scroll of identify
 J - a scroll of amnesia {unknown}
Potions
 d - 3 potions of might
 f - a potion of curing
 h - 2 potions of berserk rage
 j - 3 potions of mutation
 l - 3 potions of heal wounds
 w - a potion of flight {unknown}
 B - a potion of attraction {unknown}
 H - 2 potions of ambrosia {unknown}


   Skills:
 + Level 6.0 Fighting
 - Level 16.0 Axes
 + Level 5.5 Armour
 + Level 5.5 Shields
 + Level 1.4 Invocations


You had 9 spell levels left.
You didn't know any spells.
Your spell library contained the following spells:

 Spells                   Type           Power      Damage    Failure   Level
 Animate Skeleton         Necr           0%         N/A       95%         1
 Magic Dart               Conj           0%         1d3       95%         1
 Pain                     Necr           0%         1d4       95%         1
 Searing Ray              Conj           0%         2d4       99%         2
 Vampiric Draining        Necr           0%         2d6       100%        3
 Fulminant Prism          Conj/Hex       0%         3d6       100%        4


Dungeon Overview and Level Annotations

Branches:
Dungeon (9/15)             Temple (0/1) D:5
   Lair: D:8-11         Orc: D:9-12

Altars:
Elyvilon
Hepliaklqana
Nemelex Xobeh
Trog
Xom

Shops:
D:3 (!!   D:4 *

Annotations:
D:5 1 runed translucent door, Crazy Yiuf


Message History

The bolt of electricity hits Stakmar!
The bolt of electricity hits you!
The orc priest hits you from afar with a +0 trident.
Unknown command.
Unknown command.
Stakmar hits the acid dragon with a +0 quarterstaff!
The acid dragon bites Stakmar.
The acid dragon claws Stakmar but does no damage.
The acid dragon barely misses something. x2
The acid dragon bites Stakmar but does no damage.
The acid dragon claws Stakmar but does no damage.
Something bites Stakmar.
Stakmar gestures at the acid dragon while chanting.
The stone arrow hits the acid dragon!
The acid dragon dies!
Your Fighting skill increases to level 6!
Stakmar has departed this plane of existence.
The orc warrior throws a boomerang.
The boomerang hits you!
* * * LOW HITPOINT WARNING * * *
There is a stone staircase leading up, spattered with blood here.
You climb upwards.
The six-headed hydra bites you but does no damage.
The six-headed hydra bites you!
* * * LOW HITPOINT WARNING * * *
The six-headed hydra barely misses you.
You block the six-headed hydra's attack. x3
The six-headed hydra bites you!
* * * LOW HITPOINT WARNING * * *
The six-headed hydra bites you but does no damage.
You block the six-headed hydra's attack.
The six-headed hydra bites you but does no damage.
The six-headed hydra barely misses you.
You block the six-headed hydra's attack.
There is a stone staircase leading down here.
Unknown command.
The boulder beetle curls into a ball and begins rolling!
You block the boulder beetle's attack.
The boulder beetle stops rolling and uncurls.
The boulder beetle curls into a ball and begins rolling!
The boulder beetle hits you!
You die...

.#..............###
####......
..............###
##.....
##...........##
#### #.....
###........## ##..#
#..... #
##....#....###..##
#.....
###...###...°.#...#
#.....
##...####....°D..##
#..... #...##
#......○..## #.....
...## #.......B@.##
#..#.. ..##
##.......##..##
#..#.. .##
#.......####..##
###..##) ##
##......##
##..#####....... #
#......##
##...#....####.
#.....##
###.......### ##
##.....#
##..........###
#.....##
##..............#
#....##
#...............#


You could see a boulder beetle (rolling) and a six-headed hydra.

Vanquished Creatures
  An ugly thing (D:8)
  Menkaure (D:6)
  A sky beast (D:8)
  A hornet zombie (D:5)
  An orc warrior (D:9)
  2 black bears (D:7)
  4 ogres
  2 centaurs
  2 scorpions
  A water moccasin zombie (D:6)
  3 killer bees (D:8)
  A howler monkey (D:7)
  A bullfrog zombie (D:7)
  A centaur zombie (D:7)
  3 hounds
  A jelly (D:6)
  2 orc priests
  2 centaur skeletons (D:7)
  Ijyb (D:4)
  3 orc wizards
  2 iguanas
  A killer bee zombie (D:7)
  A hound zombie (D:5)
  A hound skeleton (D:4)
  A howler monkey zombie (D:7)
  11 gnolls
  6 adders
  A howler monkey skeleton (D:5)
  2 white imps
  An ufetubus (D:6)
  An adder skeleton (D:4)
  2 dart slugs
  18 orcs
  6 endoplasms
  2 giant cockroaches (D:2)
  7 goblins
  8 hobgoblins
  5 quokkas
  4 ball pythons
  A ball python zombie (D:2)
  8 bats
  4 frilled lizards
  A jackal skeleton (D:2)
  2 kobolds (D:1)
  A quokka skeleton (D:2)
  4 rats
135 creatures vanquished.

Vanquished Creatures (collateral kills)
  An acid dragon (D:9)
  A water moccasin (D:6)
  An ice beast (D:6)
  A sky beast (D:5)
  2 ogres (D:5)
  3 centaurs
  2 phantoms
  A scorpion (D:4)
  3 killer bees (D:8)
  A jelly (D:8)
  2 gnolls (D:6)
  2 shadow imps
  A goblin (D:4)
21 creatures vanquished.

Vanquished Creatures (others)
  A battlemage (D:9)
  2 withered plants (D:2)
3 creatures vanquished.

Grand Total: 159 creatures vanquished

Notes
Turn   | Place    | Note
-------+----------+-------------------------------------------
     0 | D:1      | safid the Hill Orc Fighter began the quest for the Orb.
     0 | D:1      | Reached XP level 1. HP: 19/19 MP: 1/1
   168 | D:1      | Reached XP level 2. HP: 20/27 MP: 2/2
   170 | D:1      | Reached skill level 3 in Axes
   660 | D:1      | Reached XP level 3. HP: 29/33 MP: 3/3
  2092 | D:2      | Reached XP level 4. HP: 40/40 MP: 4/4
  2102 | D:2      | Reached skill level 4 in Axes
  2431 | D:3      | Found Ynkez's Distillery.
  2439 | D:3      | Bought a potion of curing for 42 gold pieces
  2439 | D:3      | Bought a potion of degeneration for 14 gold pieces
  2604 | D:3      | Found a faded altar of an unknown god.
  2609 | D:3      | Prayed at the altar of an unknown god.
  2609 | D:3      | Became a worshipper of Hepliaklqana the Forgotten
  2609 | D:3      | Reached * piety under Hepliaklqana
  2730 | D:3      | Reached skill level 5 in Axes
  2804 | D:3      | Found a sparkling altar of Nemelex Xobeh.
  2827 | D:3      | Reached XP level 5. HP: 41/41 MP: 5/5
  2954 | D:3      | Reached skill level 6 in Axes
  3107 | D:3      | Found Isaod's Weapon Shoppe.
  3155 | D:3      | Found Damiop's Distillery.
  3271 | D:4      | Noticed an ogre
  3275 | D:4      | Killed an ogre
  3276 | D:4      | Reached skill level 7 in Axes
  3276 | D:4      | Reached XP level 6. HP: 42/46 MP: 6/6
  3390 | D:4      | Identified the +7 dagger of Utreoted {flame, rPois MP+9}
  3412 | D:4      | Noticed Ijyb
  3457 | D:4      | Killed Ijyb
  3481 | D:4      | Reached skill level 8 in Axes
  3693 | D:4      | Reached XP level 7. HP: 50/53 MP: 7/7
  3826 | D:4      | Reached skill level 9 in Axes
  3834 | D:4      | Found Rotad's Assorted Antiques.
  4092 | D:5      | Entered Level 5 of the Dungeon
  4092 | D:5      | Reached ** piety under Hepliaklqana
  4093 | D:5      | Remembered your ancestor Stakmar as a battlemage
  4213 | D:5      | Found a staircase to the Ecumenical Temple.
  4257 | D:5      | Reached skill level 10 in Axes
  4620 | D:5      | Reached skill level 11 in Axes
  4620 | D:5      | Reached XP level 8. HP: 47/59 MP: 6/8
  5221 | D:5      | Reached skill level 12 in Axes
  5446 | D:5      | Found a runed translucent door.
  5447 | D:5      | Noticed Crazy Yiuf
  5694 | D:6      | Reached *** piety under Hepliaklqana
  5955 | D:6      | Noticed Menkaure
  5962 | D:6      | Killed Menkaure
  6034 | D:6      | Reached skill level 13 in Axes
  6183 | D:6      | Reached XP level 9. HP: 54/63 MP: 7/9
  6256 | D:6      | Reached skill level 14 in Axes
  6913 | D:7      | Found a bloodstained altar of Trog.
  6923 | D:7      | Reached skill level 15 in Axes
  7009 | D:7      | Found a shimmering altar of Xom.
  7592 | D:7      | Reached **** piety under Hepliaklqana
  7930 | D:8      | Found a white marble altar of Elyvilon.
  8115 | D:8      | Reached skill level 16 in Axes
  8560 | D:8      | Noticed a brown ugly thing
  8566 | D:8      | Killed a brown ugly thing
  8567 | D:8      | Reached skill level 5 in Fighting
  8567 | D:8      | Reached skill level 5 in Armour
  8567 | D:8      | Reached skill level 5 in Shields
  8567 | D:8      | Reached XP level 10. HP: 46/72 MP: 4/10
  8711 | D:8      | Noticed a six-headed hydra
  8711 | D:8      | Noticed a boulder beetle
  8756 | D:9      | Reached skill level 1 in Invocations
  8925 | D:8      | HP: 3/74 [six-headed hydra (10)]
  8938 | D:8      | Slain by a boulder beetle

Illustrated notes

Levels and vault maps discovered:
D:1:      evilmike_arrival_plus, layout_basic
D:2:      layout_loops_corners, serial_undead, serial_undead_d, serial_undead_e,
          serial_undead_b, serial_undead_f, grunt_decor_resistance,
          minmay_hedge_maze
D:3:      layout_loops_cross, general_overflow_altar,
          ebering_ecumenical_altar_hall, serial_shops,
          nicolae_shop_advertising_works [nicolae_subvault_shop_adworks],
          nicolae_shop_hallway_stairs, nicolae_shop_bloodbath_and_beyond,
          chequers_serial_rivers_room_a, roderic_roman_lattice
D:4:      layout_rooms, serial_shops, shop, uniq_ijyb
D:5:      layout_cave_pods, temple_doors_e, uniq_crazy_yiuf_cottage
D:6:      layout_basic, kennysheep_generic_room_7, uniq_menkaure
D:7:      layout_basic, trog_ov_bears_minmay, brannock_xom_greatest_gift,
          st_stairs_6, kennysheep_nub
D:8:      layout_cave_pods, kennysheep_mini_moat, minmay_three_doors
D:9:      layout_rooms, erik_lair_island, hangedman_glass_teeth

Skill      XL: |  1  2  3  4  5  6  7  8  9 10 |
---------------+-------------------------------+-----
Axes           | 3 5 7 8 11 13 16 | 16.0
Fighting       | 4 5 6 |  6.0
Armour         | 4 5 |  5.5
Shields        | 4 5 |  5.5
Invocations    | 1 |  1.4

Action                   |  1- 3 |  4- 6 |  7- 9 | 10-12 || total
-------------------------+-------+-------+-------+-------++-------
Melee: War axe           |    81 |    93 |   204 |    13 ||   391
       Unarmed           |       |    15 |       |       ||    15
Throw: Dart              |       |       |     2 |       ||     2
Invok: Ancestor Identity |       |     1 |       |       ||     1
       Ancestor Life: Ba |       |       |     1 |       ||     1
       Recall Ancestor   |       |       |       |     1 ||     1
  Use: Potion            |       |     1 |     1 |       ||     2
       Scroll            |       |       |     4 |       ||     4
 Stab: Distracted        |       |       |     2 |       ||     2
Armor: Scale mail        |    37 |    37 |    85 |    12 ||   171
Dodge: Dodged            |    54 |    34 |    68 |     6 ||   162
Block: Buckler           |    26 |    17 |    31 |       ||    74
       Kite shield       |       |       |    21 |    14 ||    35
